 Dungeon Crawl Stone Soup version 0.25-a0-108-gda8bd6c (webtiles) character file.

Game seed: 15775053216843231013, levelgen mode: deterministic

116 BoppinsLewinski the Skirmisher (level 4, 0/40 HPs)
             Began as a Draconian Fighter on Nov 18, 2019.
             Slain by a scorpion (10 damage)
             ... on level 3 of the Dungeon.
             The game lasted 00:03:02 (1593 turns).

BoppinsLewinski the Skirmisher (Draconian Fighter)  Turns: 1593, Time: 00:03:03

Health: 0/40       AC:  5    Str: 23 (24) XL:     4   Next: 69%
Magic:  4/4        EV: 10    Int:  6 (9)  God:
Gold:   73         SH:  9    Dex:  8 (10) Spells: 3/3 levels left

rFire    . . .     SeeInvis .   a - +0 war axe
rCold    . . .     Gourm    .   b - +0 shield
rNeg     . . .     Faith    .   (armour unavailable)
rPois    .         Spirit   .   (helmet restricted)
rElec    .         Reflect  .   (no cloak)
rCorr    .         Harm     .   (no gloves)
MR       .....                  (no boots)
Stlth    +.........             (no amulet)
HPRegen  0.13/turn              (no ring)
MPRegen  0.09/turn              (no ring)

@: mighty, lethally poisoned (0 -> -10)
A: unfitting armour, cold-blooded, AC +5
a: no special abilities


You were on level 3 of the Dungeon.
You were hungry.

You visited 1 branch of the dungeon, and saw 3 of its levels.

You collected 73 gold pieces.

Inventory:

Hand Weapons
 a - a +0 war axe (weapon)
Armour
 b - a +0 shield (worn)
Scrolls
 e - 2 scrolls of identify {unknown}
 i - a scroll of fog {unknown}
 j - a scroll of enchant armour {unknown}
 l - a scroll of teleportation {unknown}
 m - a scroll of amnesia {unknown}
 n - 3 scrolls of remove curse {unknown}
 o - 2 scrolls of enchant weapon {unknown}
Potions
 f - a potion of brilliance
 k - a potion of mutation {unknown}
Comestibles
 d - 6 rations


   Skills:
 + Level 4.0 Fighting
 * Level 3.4 Axes
 + Level 3.2 Dodging
 + Level 3.6 Shields


You had 3 spell levels left.
You didn't know any spells.
Your spell library was empty.

Dungeon Overview and Level Annotations

Branches:
Dungeon (3/15)

Altars:
Okawaru
Yredelemnul

Annotations:
D:3 3 runed translucent doors, Pooter's ghost, amateur MiMo


Innate Abilities, Weirdness & Mutations

Your plain brown scales are hard. (AC +5)
You cannot fit into any form of body armour.
You are cold-blooded and may be slowed by cold attacks.


Message History

* * * LOW HITPOINT WARNIN'
* * * Ye feel sick.
Ye block tha scorpion's attack.
Unknown command.
It was a potion o' degeneration.
Thar was somethin' very wrong wit tha liquid.
Ye feel weaken'd.
Ye feel dopey.
Ye feel clumsy.
* * * LOW HITPOINT WARNIN'
* * * Ye feel sick.
Tha scorpion stin's ye!
* * * LOW HITPOINT WARNIN'
* * * It was a potion o' curin'.
Ye feel better.
Tha scorpion stin's ye.
* * * LOW HITPOINT WARNIN'
* * * Ye be leth'lly poison'd!
Tha scorpion poisons ye!
Ye slash tha scorpion!
Tha scorpion be almost dead.
* * * LOW HITPOINT WARNIN'
* * * Ye feel sick.
Tha scorpion stin's ye but does nay damage.
Tha scorpion stin's ye!
Ye die...

# ... . .# #/##
...# #..## ###
... ..# #.##.#
#.@#.## #s#...#
## .≈≈ #.##..#
.## .≈≈# #.
##.###..## .≈#
. ##
##.#....##'##..
#.#.##.......#
#.#.##....####
#............'
#.#.##....####


You could see a scorpion.

Vanquished Creatures
  4 adders (D:3)
  An ooze (D:3)
  4 worms
  4 dart slugs
  4 leopard geckos
  A ball python (D:2)
  5 bats (D:1)
  2 giant cockroaches
  3 goblins
  5 hobgoblins
  4 jackals (D:2)
  8 frilled lizards
  4 kobolds
  8 rats
57 creatures vanquished.

Notes
Turn   | Place    | Note
-------+----------+-------------------------------------------
     0 | D:1      | BoppinsLewinski the Draconian Fighter began the quest for
                  | the Orb.
     0 | D:1      | Reached XP level 1. HP: 19/19 MP: 1/1
   177 | D:1      | Reached XP level 2. HP: 25/26 MP: 2/2
   626 | D:1      | Reached XP level 3. HP: 31/31 MP: 3/3
   773 | D:2      | Found a basalt altar of Yredelemnul.
   948 | D:2      | Found an iron altar of Okawaru.
  1207 | D:3      | Reached XP level 4. HP: 26/40 MP: 4/4
  1451 | D:3      | Found a runed translucent gate.
  1455 | D:3      | Found a runed translucent gate.
  1456 | D:3      | Found a runed translucent gate.
  1457 | D:3      | Noticed Pooter's ghost (amateur MiMo)
  1579 | D:3      | Reached skill level 4 in Fighting
  1593 | D:3      | Slain by a scorpion

Levels and vault maps discovered:
D:1:      tarquinn_simple_flora_water_f, layout_basic
D:2:      layout_basic, okawaru_gym_becter, yredelemnul_altar_generic,
          serial_park_tiny_pond
D:3:      layout_loops_corners, tgw_sif, gammafunk_temple_overflow_claw,
          first_ration, ebering_ghost_rock_garden, minmay_cut_off

Skill      XL: |  1  2  3  4 |
---------------+-------------+-----
Dodging        | 3 |  3.2
Axes           | 3 |  3.4
Fighting       | 4 |  4.0
Shields        | |  3.6

Action                   |  1- 3 |  4- 6 || total
-------------------------+-------+-------++-------
Melee: War axe           |   134 |    40 ||   174
       Tailslap          |     8 |     3 ||    11
  Use: Potion            |       |     4 ||     4
 Stab: Sleeping          |     1 |     1 ||     2
  Eat: Chunk             |     1 |     1 ||     2
Armor: Skin              |    37 |    10 ||    47
Dodge: Dodged            |    60 |    15 ||    75
Block: Shield            |    66 |    19 ||    85

Table legend:
 A = Non-vault XP
 B = Vault XP
 C = Vault XP percentage of total XP
 D = Non-vault monster count
 E = Vault monster count
 F = Vault count percentage of total count
                 A         B        C        D         E       F
            +---------+---------+-------+---------+---------+-------
      Total |     157 |       9 |   5.4 |      55 |       2 |   3.5
            +---------+---------+-------+---------+---------+-------
        D:1 |      44 |       0 |   0.0 |      27 |       0 |   0.0
        D:2 |      38 |       0 |   0.0 |      18 |       0 |   0.0
        D:3 |      75 |       9 |  10.7 |      10 |       2 |  16.7
            +---------+---------+-------+---------+---------+-------
